 Dungeon Crawl Stone Soup version 0.29.1-12-g30fa7ad0bf (webtiles) character file.

Game seed: 738588548602847014

7 Sanktem7 the Skirmisher (level 2, 26/26 HPs)
             Began as a Gnoll Hunter on Jan 7, 2023.
             Got out of the dungeon alive.
             The game lasted 00:01:13 (290 turns).

Sanktem7 the Skirmisher (Gnoll Hunter)               Turns: 290, Time: 00:01:14

Health: 26/26      AC:  4    Str: 10    XL:     2   Next: 0%
Magic:  2/2        EV: 13    Int:  8    God:
Gold:   32         SH:  0    Dex: 15    Spells: 1/1 levels left

rFire   . . .      SeeInvis .   a - +0 shortbow {bow}
rCold   . . .      Faith    .   (shield currently unavailable)
rNeg    . . .      Spirit   .   c - +0 leather armour
rPois   .          Reflect  .   (no helmet)
rElec   .          Harm     .   (no cloak)
rCorr   .          Rampage  .   g - +0 pair of gloves
Will    .....                   (no boots)
Stlth   ++........              (no amulet)
HPRegen 0.08/turn               (no ring)
MPRegen 0.08/turn               (no ring)

@: no status effects
A: fangs 1, strong nose, distributed training
a: no special abilities


You escaped.
You visited 1 branch of the dungeon, and saw 1 of its levels.

You collected 32 gold pieces.


Innate Abilities, Weirdness & Mutations

You have very sharp teeth.
Your uncanny sense of smell can sniff out nearby items.
Your experience applies equally to all skills.


   Skills:
 + Level 4.4 Fighting
 + Level 0.2 Short Blades
 + Level 0.2 Long Blades
 + Level 0.2 Axes
 + Level 0.2 Maces & Flails
 + Level 0.2 Polearms
 + Level 0.2 Staves
 + Level 8.4 Ranged Weapons
 + Level 0.2 Throwing
 + Level 0.2 Armour
 + Level 4.4 Dodging
 + Level 2.2 Stealth
 + Level 0.2 Shields
 + Level 0.2 Unarmed Combat
 + Level 0.2 Spellcasting
 + Level 0.1 Conjurations
 + Level 0.1 Hexes
 + Level 0.1 Summonings
 + Level 0.1 Necromancy
 + Level 0.1 Translocations
 + Level 0.1 Transmutations
 + Level 0.1 Fire Magic
 + Level 0.1 Ice Magic
 + Level 0.1 Air Magic
 + Level 0.1 Earth Magic
 + Level 0.1 Poison Magic
 + Level 0.3 Invocations
 + Level 0.2 Evocations


You had one spell level left.
You didn't know any spells.
Your spell library was empty.

Inventory:

Hand Weapons
 a - a +0 shortbow (weapon) {bow}
Missiles
 d - 4 stones {throwing}
Armour
 c - a +0 leather armour (worn)
 g - a +0 pair of gloves (worn)
   (You found it on level 1 of the Dungeon)
Jewellery
 e - a ring of see invisible
   (You found it on level 1 of the Dungeon)
Scrolls
 b - a scroll of immolation {!r!r}
 f - a scroll of enchant weapon {unknown}
 h - a scroll of summoning {unknown}

Dungeon Overview and Level Annotations

Branches:
Dungeon (1/15) Zot: 5708

Altars:

#..........#...÷.#
#..........#.#.#.# #
##########.#.#.#.###
#.#.#.#.##.
############.#...#.##.
#⌠........##.#####.#..
#...≈≈≈≈≈.##.........#
##............#......##
#>.8..@.......#......#
##....§§§§§..##.....##
#...≈§§§≈§####.....#
#⌠.....§..# #.....#
##############.....###
#............#
#.#######.##.#
##.....##.# #.......#.#


There were no monsters in sight!


Message History

🤖 Initializing magus.rc ...
Options error: Delay interrupt name "hungry" not recognised. (~/.crawlrc:4856) Options error: Bad monster_list_colour key: strict_neutral (~/.crawlrc:4871) Bad channel name for runrest: 'pray:' ✅ Successfully initialized magus.rc [v1.9.6] Welcome, Sanktem7 the Gnoll Hunter.
Everyone else who sought the Orb of Zot has failed.
Will you be different?
Press ? for a list of commands and other information.
Found seven items.
Found an escape hatch in the floor.
Found a staircase leading out of the dungeon.
d - 4 stones {throwing} A frilled lizard comes into view.
You shoot an arrow. The arrow hits the frilled lizard.
You kill the frilled lizard!
No target in view!
A quokka comes into view.
You shoot an arrow. The arrow hits the quokka.
You shoot an arrow. The arrow hits the quokka.
You kill the quokka!
You see here a +0 sling.
e - a ring of see invisible
Found a stone staircase leading down.
An endoplasm comes into view.
An endoplasm is nearby!
You shoot an arrow. The arrow hits the endoplasm!
You kill the endoplasm!
No target in view!
f - a scroll labelled XEUCAGR HAIRCH
g - a +0 pair of gloves You now have 16 gold pieces.
h - a scroll labelled MAAPTO TOOBRO You start putting on your armour.
You continue putting on your +0 pair of gloves. x4
You finish putting on your +0 pair of gloves.
You now have 32 gold pieces (gained 16).
A rat comes into view.
A rat is nearby!
A rat is nearby!
You shoot an arrow. The arrow hits the rat!
You kill the rat!
No target in view!
No target in view!
No target in view!
No target in view!
No target in view!
A hobgoblin comes into view.
A hobgoblin is nearby!
You shoot an arrow. The arrow hits the hobgoblin!
You kill the hobgoblin!
You see here a +0 robe.
A hobgoblin comes into view.
A hobgoblin is nearby!
You shoot an arrow.
The arrow completely misses the hobgoblin.
A hobgoblin is nearby!
You shoot an arrow. The arrow barely misses the hobgoblin.
You shoot an arrow. The arrow hits the hobgoblin.
You kill the hobgoblin!
You have reached level 2! 😎 HP[+6] MP[+1]
You now have 26 max hp (+6).
Your hp is fully restored (26).
Your mp is fully restored (2).
You see here a hobgoblin corpse.
Key pressed, stopping explore.
There is a stone staircase leading down here.
You see here a frilled lizard skeleton.
Found a stone staircase leading down.
There is a staircase leading out of the dungeon here.
You can't go down here!
Unknown command.
Are you sure you want to leave the Dungeon?
This will make you lose the game!
You have escaped!

Action                   || total
-------------------------++-------
 Fire: Shortbow          ||     9

Levels and vault maps discovered:
D:1:      dreamdust_arrival_sigmund_warning, layout_basic, serial_shops,
          nicolae_shop_bloodbath_and_beyond

Notes
Turn   | Place    | Note
-------+----------+-------------------------------------------
     0 | D:1      | Sanktem7 the Gnoll Hunter began the quest for the Orb.
     0 | D:1      | Reached XP level 1. HP: 20/20 MP: 1/1
     0 | D:1      | magus.rc [v1.9.6]
   143 | D:1      | Reached XP level 2. HP: 26/26 MP: 2/2
   290 | D:$      | Got out of the dungeon alive.

Vanquished Creatures
  An endoplasm (D:1)
  2 hobgoblins (D:1)
  A quokka (D:1)
  A frilled lizard (D:1)
  A rat (D:1)
6 creatures vanquished.

Table legend:
 A = Non-vault XP
 B = Vault XP
 C = Vault XP percentage of total XP
 D = Non-vault monster count
 E = Vault monster count
 F = Vault count percentage of total count
                 A         B        C        D         E       F
            +---------+---------+-------+---------+---------+-------
      Total |      10 |       0 |   0.0 |       6 |       0 |   0.0
            +---------+---------+-------+---------+---------+-------
        D:1 |      10 |       0 |   0.0 |       6 |       0 |   0.0
            +---------+---------+-------+---------+---------+-------

Illustrated notes

Table legend:
 A = Kills in this place as a percentage of kills in entire the game.
 B = Kills by you in this place as a percentage of kills by you in the entire game.
 C = Kills by friends in this place as a percentage of kills by friends in the entire game.
 D = Other kills in this place as a percentage of other kills in the entire game.
 E = Experience gained in this place as a percentage of experience gained in the entire game.
 F = Experience gained in this place divided by the number of levels of this place that you have seen.
                   A       B       C       D       E      F
               +-------+-------+-------+-------+-------+----------------------
         Total | 100.0 | 100.0 |   N/A |   N/A | 100.0 |  10.0
       Dungeon | 100.0 | 100.0 |   N/A |   N/A | 100.0 |  10.0
               +-------+-------+-------+-------+-------+----------------------

Table legend: (Time is in decaauts)
 A = Elapsed time spent in this place.
 B = Non-inter-level travel time spent in this place.
 C = Inter-level travel time spent in this place.
 D = Time resting spent in this place.
 E = Time spent auto-exploring this place.
 F = Levels seen in this place.
 G = Mean time per level.
                   A        B        C        D        E       F      G
               +--------+--------+--------+--------+--------+-----+--------+
         Total |    291 |    272 |     19 |      0 |    244 |   1 |  291.0 |
       Dungeon |    291 |    272 |     19 |      0 |    244 |   1 |  291.0 |
               +--------+--------+--------+--------+--------+-----+--------+

Top non-repeatable levels by time:
     D:1: 291 daAuts
